 Dungeon Crawl Stone Soup version 0.18.1-48-g4cf74bf (webtiles) character file.

69 Goblin1989 the Magician (level 4, -1/30 HPs)
             Began as a Demonspawn Wizard on Aug 2, 2016.
             Slain by a jackal (3 damage)
             ... on level 3 of the Dungeon.
             The game lasted 00:10:17 (2611 turns).

Goblin1989 the Magician (Demonspawn Wizard)         Turns: 2611, Time: 00:10:18

Health: -1/30      AC:  4    Str:  8    XL:     4   Next: 2%
Magic:  9/9        EV: 12    Int: 20    God:
Gold:   113        SH:  0    Dex: 11    Spells: 3 memorised, 5 levels left

rFire  . . .     SeeInvis .     e - +0 dagger
rCold  . . .     Gourm    .     a - +0 robe
rNeg   . . .     Faith    .     (no shield)
rPois  .         Spirit   .     b - +0 hat
rElec  .         Dismiss  .     f - +1 cloak
rCorr  .         Reflect  .     (no gloves)
SustAt .         Harm     .     (no boots)
MR     .....                    (no amulet)
Stlth  ++........               (no ring)
                                (no ring)

@: very slightly contaminated, not resistant to hostile enchantments, unstealthy
A: foul stench 1, rot immunity
a: no special abilities


You were on level 3 of the Dungeon.
You were not hungry.

You visited 1 branch of the dungeon, and saw 3 of its levels.

You collected 113 gold pieces.

Inventory:

Hand Weapons
 e - a +0 dagger (weapon)
Armour
 a - a +0 robe (worn)
 b - a +0 hat (worn)
 f - a +1 cloak (worn)
Scrolls
 g - a scroll of remove curse
 i - a scroll of identify
 k - 2 scrolls of amnesia
Potions
 h - 2 potions of invisibility {unknown}
 j - 2 potions of flight
 o - a potion of cancellation {unknown}
Books
 c - a book of Minor Magic

   Spells                             Type                      Level
   a - Magic Dart                     Conjuration                  1
   b - Blink                          Translocation                2
   c - Call Imp                       Summoning                    2
   d - Repel Missiles                 Charms/Air                   2
   e - Slow                           Hexes                        2
   f - Conjure Flame                  Conjuration/Fire             3
   g - Mephitic Cloud                 Conjuration/Poison/Air       3
Comestibles
 d - a bread ration
 l - 3 fruits
 n - 2 meat rations
 p - a slice of pizza


   Skills:
 - Level 1.7 Dodging
 - Level 1.7 Stealth
 + Level 3.5 Spellcasting
 * Level 3.2 Conjurations
 - Level 1.0 Summonings
 - Level 0.8 Translocations


You had 5 spell levels left.
You knew the following spells:

 Your Spells              Type           Power        Failure   Level  Hunger
a - Magic Dart            Conj           ###.         3%          1    None
b - Blink                 Tloc           N/A          17%         2    ##.....
c - Call Imp              Summ           #.......     17%         2    ##.....


Dungeon Overview and Level Annotations

Branches:
Dungeon (3/15)

Altars:
Dithmenos
Elyvilon
Okawaru

Annotations:
D:3 Sigmund


Innate Abilities, Weirdness & Mutations

You may emit foul miasma when damaged in melee.
You are immune to rotting.


Message History

Read which item? (? for menu, Esc to quit)
Okay, then.
Sigmund gestures wildly while chanting.
Sigmund flickers and vanishes!
Deactivating autopickup; reactivate with Ctrl-A.
The jackal barely misses you.
The jackal bites you but does no damage.
The jackal misses you.
MP restored: 9 The jackal bites you but does no damage.
The jackal closely misses you.
You hear the quick rusting of a distant drain.
The jackal bites you.
* * * LOW HITPOINT WARNING * * *
You take 1 damage, and have 1/30 hp.
The jackal bites you but does no damage.
The jackal barely misses you.
The jackal bites you but does no damage.
The jackal bites you.
You die...

#..<#######.##...o....
#..........oohlsg....#
#.#######.#(##)####go. ##
#.#.b..# ##g##
#.########g..#
#.##.....#...#
#######.##.....#.$.#
#.#...h.....o.........
#######...@hg..g..........(
#.#..#>#.#####.##..........
#.#>#.##.#####.####.###...#
#.#............# #.# #...#
#..##$.......... ..# #....
##.......# ##### #### #####
#g##.#### #.##.###
#o##.#.#########


You could see an orc, 2 jackals and 2 hobgoblins.

Vanquished Creatures
  2 adders (D:2)
  An ooze (D:2)
  A dart slug (D:2)
  2 giant geckos
  2 orcs (D:3)
  A giant cockroach (D:1)
  4 goblins
  4 hobgoblins
  4 jackals (D:2)
  8 kobolds
  4 bats
  3 giant newts
  3 rats (D:2)
39 creatures vanquished.

Notes
Turn   | Place    | Note
--------------------------------------------------------------
     0 | D:1      | Goblin1989 the Demonspawn Wizard began the quest for the Orb.
     0 | D:1      | Reached XP level 1. HP: 13/13 MP: 4/4
   541 | D:1      | Gained mutation: You are immune to rotting. [demonic ancestry]
   541 | D:1      | Reached XP level 2. HP: 18/19 MP: 1/6
  1177 | D:2      | Reached XP level 3. HP: 20/24 MP: 1/7
  1397 | D:2      | Found a shadowy altar of Dithmenos.
  1427 | D:2      | Found a white marble altar of Elyvilon.
  1471 | D:2      | Learned a level 2 spell: Blink
  1658 | D:2      | Found an iron altar of Okawaru.
  2164 | D:3      | Learned a level 2 spell: Call Imp
  2495 | D:3      | Gained mutation: You may emit foul miasma when damaged in melee. [demonic ancestry]
  2495 | D:3      | Reached XP level 4. HP: 26/30 MP: 7/9
  2556 | D:3      | Noticed Sigmund
  2597 | D:3      | HP: 1/30 [Sigmund/scythe (2)]
  2606 | D:3      | HP: 1/30 [jackal (1)]
  2611 | D:3      | Slain by a jackal

Skill      XL: |  1  2  3 |
---------------+----------+-----
Conjurations   | 2 3 |  3.2
Dodging        | |  1.7
Stealth        | |  1.7
Spellcasting   | |  3.5
Summonings     | |  1.0
Translocations | |  0.8

Action                   |  1- 3 |  4- 6 || total
-------------------------+-------+-------++-------
Melee: Dagger            |    18 |     2 ||    20
 Cast: Magic Dart        |    90 |     3 ||    93
  Use: Scroll            |     6 |     1 ||     7
  Eat: Royal jelly       |     1 |       ||     1
       Chunk             |     1 |       ||     1
       Bread ration      |       |     1 ||     1
Armor: Robe              |     6 |    18 ||    24
Dodge: Dodged            |    37 |    45 ||    82
